cohdb
Replays
Latest Replays
All Replays
Popular Replays
Top Player Replays
Match Explorer
How It Works
Community
CoH3 Stats
Reddit
Sign in to upload your games and track your stats! →
Sign in with Steam
Match 43608642
Unlisted
Match 43608642
Overview
Messages
Build Orders
End
Construct Infanterie Kompanie
Grenadier Squad
Grenadier Squad
MG 42 Machine Gun Team
Grenadier Squad
Construct Panzergrenadier Kompanie
Support Elements
Pioneer Squad
Selects Luftwaffe Battlegroup
Selects Stuka Strafing Run
Selects Fallschirmjäger Squad Paradrop
Medical Bunker
Fallschirmjäger Squad Paradrop
Construct Panzer Kompanie
Nebelwerfer 42 Rocket Launcher Team
Panzer IV Medium Tank
Fallschirmjäger Squad Paradrop
Panzer IV Medium Tank
DIHFrosche
Spiffy
Liviu
TotallyUndressed
Hoplon
CHINOOOK
MarkEsVonHinten
fuuyyy
0
0
Comments
sign in to comment!
No comments posted yet!